 Dungeon Crawl Stone Soup version 0.30.0-29-ga12c61a403 (webtiles) character file.

Game seed: 11229544150118717990

42650 qw the Cleaver (level 14, -6/90 HPs)
             Began as a Gargoyle Fighter on June 4, 2023.
             Was an Elder of Okawaru.
             Mangled by a komodo dragon (12 damage)
             ... on level 4 of the Lair of Beasts.
             The game lasted 00:08:51 (16064 turns).

qw the Cleaver (Gargoyle Fighter)                  Turns: 16064, Time: 00:08:52

Health: -6/90      AC: 38    Str: 26    XL:     14   Next: 20%
Magic:  21/21      EV:  8    Int:  8    God:    Okawaru [****..]
Gold:   490        SH:  6    Dex:  9    Spells: 13/13 levels left

rFire   + . .        e - +6 war axe
rCold   + + .        c - +0 buckler
rNeg    + . .        y - +0 gold dragon scales
rPois   inf          o - +2 helmet
rElec   +            u - +0 cloak
rCorr   .            (no gloves)
SInv    .            h - +0 pair of boots
Will    +....        (no amulet) Stlth
                     i - +4 ring of slaying {mikee}
HPRegen 0.35/turn    s - ring of protection from cold
MPRegen 0.17/turn

%: no passive effects
@: about to teleport, heroic, flying
A: sickness immunity, AC +10, big wings, negative energy resistance 1,
electricity resistance, torment resistance 1, petrification resistance
a: Renounce Religion, Heroism, Finesse


You were on level 4 of the Lair of Beasts.
You worshipped Okawaru.
Okawaru was greatly pleased with you.
You visited 2 branches of the dungeon, and saw 14 of its levels.

You collected 907 gold pieces.
You spent 417 gold pieces at shops.


Innate Abilities, Weirdness & Mutations

You are immune to sickness and miasma.
Your stone body is resilient. (AC +10)
You are immune to poison.
Your large and strong wings let you fly.
You resist negative energy. (rN+)
You are resistant to electric shocks. (rElec)
You are resistant to unholy torment.
You are immune to petrification.


   Skills:
 - Level 11.0(16.0) Fighting
 + Level 14.1(19.1) Axes
 - Level 6.1(11.1) Throwing
 - Level 12.0(17.0) Armour
 - Level 2.0(7.0) Dodging
 - Level 7.2(12.2) Shields
 - Level 10.0 Invocations


You had 13 spell levels left.
You didn't know any spells.
Your spell library was empty.

Inventory:

Hand Weapons
 e - a +6 war axe (weapon)
 l - a +0 morningstar
 q - the +8 flail of Qiriv {freeze, rCorr}
   (You found it on level 6 of the Dungeon)

   rCorr:     It protects you from acid and corrosion.
Missiles
 v - 9 javelins
 x - 2 silver javelins (quivered)
Armour
 c - a +0 buckler (worn)
 h - a +0 pair of boots (worn)
 o - a +2 helmet (worn)
 u - a +0 cloak (worn)
 w - +0 acid dragon scales
 y - +0 gold dragon scales (worn)
Jewellery
 i - a +4 ring of slaying (left hand) {mikee}
 p - an amulet of guardian spirit
 s - a ring of protection from cold (right hand)
 Y - a ring of positive energy
Wands
 t - a wand of digging (7)
Scrolls
 b - 2 scrolls of teleportation
 k - 18 scrolls of identify
Potions
 a - 3 potions of cancellation
 d - 3 potions of might
 f - 2 potions of magic
 j - 3 potions of lignification
 m - 5 potions of mutation
 n - 2 potions of attraction
 r - 2 potions of haste
 z - 3 potions of curing

Dungeon Overview and Level Annotations

Branches:
Dungeon (10/15)            Temple (0/1) D:6            Lair (4/5) D:10
  Swamp (0/4) Lair:2       Spider (0/4) Lair:3          Orc (0/2) D:9
  Slime: Lair:4-5

Altars:
Okawaru
Qazlal
Sif Muna
Vehumet
Jiyva

Shops:
D:6 *   D:7 *   D:9 =   D:10 *

Annotations:
D:7 1 runed translucent door, Crazy Yiuf
Lair:1 3 runed translucent doors, Qanwah's ghost, journeyman GrFi
Lair:2 1 runed translucent door, qw's ghost, journeyman GrFi


Message History

The four-headed hydra bites you!
You sock the torpor snail!
The torpor snail is almost dead.
The four-headed hydra bites you but does no damage. x4
The torpor snail bites you but does no damage.
You bludgeon the torpor snail!!
You kill the torpor snail!
Okawaru accepts your kill.
You feel yourself speed up.
The four-headed hydra bites you but does no damage. x2
The four-headed hydra bites you.
The four-headed hydra bites you but does no damage.
Your base Throwing skill increases to level 6!
You impale the four-headed hydra!!
The four-headed hydra is moderately wounded.
You block the komodo dragon's attack. The four-headed hydra bites you.
The four-headed hydra bites you but does no damage.
You block the four-headed hydra's attack.
The four-headed hydra bites you but does no damage.
You impale the four-headed hydra!!
The four-headed hydra is severely wounded.
The komodo dragon bites you but does no damage.
The four-headed hydra bites you but does no damage.
You block the four-headed hydra's attack.
The four-headed hydra bites you but does no damage. x2
You impale the four-headed hydra!!
You kill the four-headed hydra!
Okawaru is honoured by your kill.
16062 ||| SWAPPING to +6 war axe.
e - a +6 war axe (weapon)
You slice the komodo dragon!!
The komodo dragon is heavily wounded.
You hit the komodo dragon. The komodo dragon bites you!!
The komodo dragon bites you but does no damage.
16064 ||| READING 3 scrolls of teleportation.
As you read the scroll of teleportation, it crumbles to dust.
You feel strangely unstable. You block the komodo dragon's attack.
The komodo dragon bites you!
You die...

...#.....# #.....#77.77
..##P....# 7. #.7777#7.~.7
##.#.....###. #...7 #.~~~.
#.##.....##.[. #.7777#.~~~.
#..##....##.$. 77#.....#.~~~.
.........#..?.. 7.7##7'7##.~~~.
.........#.....#77.77#..<..#7~~~7
.........#..~..ll..7.'..8.('.~~~.
.........# #@..7.#..>..#7~~~7
...##....# #.777.##7'7##.~~~.
...##..?.# #%77.7# 7.7 #.~~~.
....#....# #7..77#77.77#.~~~.
...##....# 77.77#..7..#.~~~.
..%##....# 77.7#77.77#7.~.7
...##....# 7.77 7.7 77.77
...#.....##############7.7#######
.....[..........#...............#


You could see 2 komodo dragons.

Vanquished Creatures
  3 hydras
  2 catoblepae (Lair:4)
  A boulder beetle (Lair:3)
  A two-headed ogre (D:8)
  8 death yaks
  Urug (Lair:3)
  5 lindwurms (Lair:4)
  Pikel (D:6)
  An oklob plant (Lair:4)
  A cyclops (D:8)
  8 elephants
  4 black mambas
  2 torpor snails (Lair:4)
  Maggie (D:8)
  13 komodo dragons
  A kobold demonologist (D:9)
  14 cane toads
  4 rime drakes
  A troll (D:10)
  3 polar bears
  8 blink frogs
  A jumping spider (Lair:3)
  3 culicivoras (Lair:3)
  7 wyverns
  23 yaks
  7 basilisks
  3 vampire mosquitoes (D:10)
  Duvessa (D:7)
  21 water moccasins
  3 ice beasts
  An orc warrior (D:6)
  3 sky beasts
  A black bear (D:5)
  3 ogres
  10 wolves
  6 centaurs
  A phantom (D:6)
  3 lemures (D:6)
  2 kobold brigands
  Blork the orc (D:4)
  10 bullfrogs
  2 scorpions (D:6)
  17 wights
  Dowan (D:7)
  4 killer bees
  An oklob sapling (D:6)
  8 electric eels
  5 howler monkeys
  3 hounds
  3 orc priests
  2 jellies
  3 iguanas (D:6)
  Ijyb (D:4)
  5 orc wizards
  9 hell rats
  4 gnolls (D:3)
  11 adders
  A river rat (D:5)
  A shadow imp (D:6)
  3 white imps
  A worm (D:4)
  A dart slug (D:2)
  23 orcs
  7 ball pythons
  8 bats
  8 endoplasms
  3 giant cockroaches
  7 goblins
  5 hobgoblins
  10 jackals
  13 kobolds
  8 quokkas
  5 frilled lizards
  6 rats
382 creatures vanquished.

Notes
Turn   | Place    | Note
-------+----------+-------------------------------------------
     0 | D:1      | qw the Gargoyle Fighter began the quest for the Orb.
     0 | D:1      | Reached XP level 1. HP: 14/14 MP: 1/1
     0 | D:1      | 0 ||| qw: Version: 0.2-a-107-g4668610
     0 | D:1      | 0 ||| qw: Game counter: 1185
     0 | D:1      | 0 ||| qw: Always use a shield: true
     0 | D:1      | 0 ||| qw: God list: Okawaru
     0 | D:1      | 0 ||| qw: Allow faded altars: false
     0 | D:1      | 0 ||| qw: Do Orc after D:15 true
     0 | D:1      | 0 ||| qw: Do second Lair branch before Depths: true
     0 | D:1      | 0 ||| qw: Lair rune preference: random
     0 | D:1      | 0 ||| qw: Plans: Normal, Zot:1-4, Slime:5, God:TSO, Crypt,
                  | Tomb, Abyss, Pan, Hells, Win
     0 | D:1      | 0 ||| PLANNING D:1-11
    42 | D:1      | Reached skill level 2 in Axes
    97 | D:1      | Reached XP level 2. HP: 19/19 MP: 2/2
   159 | D:1      | 159 ||| Stepping ~*~*~tactically~*~*~ (stealth).
   166 | D:1      | 166 ||| Stepping ~*~*~tactically~*~*~ (stealth).
   167 | D:1      | 167 ||| Stepping ~*~*~tactically~*~*~ (stealth).
   169 | D:1      | 169 ||| Stepping ~*~*~tactically~*~*~ (stealth).
   325 | D:1      | 325 ||| Stepping ~*~*~tactically~*~*~ (hiding).
   332 | D:1      | Reached skill level 3 in Axes
   480 | D:1      | Reached XP level 3. HP: 21/23 MP: 3/3
   741 | D:1      | 741 ||| Stepping ~*~*~tactically~*~*~ (hiding).
  1202 | D:1      | 1202 ||| Stepping ~*~*~tactically~*~*~ (stealth).
  1203 | D:1      | 1203 ||| Stepping ~*~*~tactically~*~*~ (stealth).
  1233 | D:1      | 1233 ||| UPGRADING to +0 pair of boots.
  1238 | D:1      | 1238 ||| UPGRADING to +0 chain mail.
  1248 | D:1      | 1248 ||| DROPPING +0 scale mail.
  1249 | D:1      | 1249 ||| READING scroll labelled RAECIR ZYECUR.
  1250 | D:1      | 1250 ||| READING 3 scrolls labelled NATIRCH PITZ.
  1251 | D:1      | 1251 ||| DRINKING 2 lumpy yellow potions.
  1252 | D:1      | 1252 ||| READING 2 scrolls of identify.
  1252 | D:1      | 1252 ||| IDENTIFYING coppery potion
  1826 | D:2      | Reached XP level 4. HP: 28/28 MP: 4/4
  1934 | D:2      | 1934 ||| READING scroll labelled VEBBED HICOUME.
  1935 | D:2      | 1935 ||| READING 2 scrolls labelled VIOVVILU IBBO.
  1936 | D:2      | 1936 ||| READING scroll labelled XOIMER LUMEH.
  1937 | D:2      | 1937 ||| READING scroll labelled AGAUNN TEDINLI.
  1938 | D:2      | 1938 ||| READING scroll labelled FENIUNIYTH.
  1943 | D:2      | 1943 ||| DRINKING 3 brown potions.
  1944 | D:2      | 1944 ||| DROPPING scroll of immolation.
  1979 | D:3      | 1979 ||| Stepping ~*~*~tactically~*~*~ (stealth).
  1990 | D:3      | Reached skill level 4 in Axes
  2144 | D:3      | 2144 ||| DROPPING +0 whip.
  2189 | D:3      | Reached XP level 5. HP: 26/32 MP: 5/5
  2219 | D:3      | 2219 ||| Stepping ~*~*~tactically~*~*~ (stealth).
  2265 | D:3      | 2265 ||| Stepping ~*~*~tactically~*~*~ (stealth).
  2266 | D:3      | 2266 ||| Stepping ~*~*~tactically~*~*~ (stealth).
  2361 | D:3      | 2361 ||| Stepping ~*~*~tactically~*~*~ (hiding).
  2363 | D:3      | 2363 ||| Stepping ~*~*~tactically~*~*~ (hiding).
  2683 | D:3      | 2683 ||| READING scroll labelled YRAR MET ESA.
  2684 | D:3      | 2684 ||| READING scroll labelled PYIGO VOYLIWKO.
  2685 | D:3      | 2685 ||| READING 5 scrolls of identify.
  2685 | D:3      | 2685 ||| IDENTIFYING bubbling yellow potion
  2686 | D:3      | 2686 ||| READING 4 scrolls of identify.
  2686 | D:3      | 2686 ||| IDENTIFYING lumpy golden potion
  2687 | D:3      | 2687 ||| READING 3 scrolls of identify.
  2687 | D:3      | 2687 ||| IDENTIFYING glowing pink potion
  2688 | D:3      | 2688 ||| READING 2 scrolls of identify.
  2688 | D:3      | 2688 ||| IDENTIFYING bubbling purple potion
  2689 | D:3      | 2689 ||| DROPPING potion of degeneration.
  2690 | D:3      | 2690 ||| DROPPING potion of ambrosia.
  2817 | D:4      | Reached skill level 5 in Axes
  2929 | D:4      | Noticed Blork the orc
  2940 | D:4      | Killed Blork the orc
  2941 | D:4      | Reached XP level 6. HP: 19/39 MP: 6/6
  3064 | D:4      | HP: 9/39 [hound (3)]
  3065 | D:4      | 3065 ||| DRINKING 3 potions of heal wounds.
  3330 | D:4      | Reached skill level 6 in Axes
  3437 | D:4      | Noticed Ijyb
  3482 | D:4      | Killed Ijyb
  3800 | D:4      | 3800 ||| READING 2 scrolls of identify.
  3800 | D:4      | 3800 ||| IDENTIFYING lumpy blue potion
  3805 | D:5      | Entered Level 5 of the Dungeon
  3806 | D:5      | 3806 ||| PLANNING SEWER
  3852 | D:5      | Noticed a black bear
  3858 | D:5      | Killed a black bear
  3859 | D:5      | Reached XP level 7. HP: 41/44 MP: 7/7
  3992 | D:5      | 3992 ||| Stepping ~*~*~tactically~*~*~ (hiding).
  4046 | D:5      | Identified the +8 spear "Jodogeli" {flame, *Slow rF++}
  4428 | D:5      | 4428 ||| RIP SEWER
  4453 | D:5      | 4453 ||| PLANNING D:1-11
  4609 | D:5      | Reached skill level 7 in Axes
  4943 | D:5      | 4943 ||| UPGRADING to +0 helmet.
  4948 | D:5      | 4948 ||| UPGRADING to +4 ring of slaying {mikee}.
  4949 | D:5      | 4949 ||| DRINKING 2 black potions.
  4950 | D:5      | 4950 ||| READING 2 scrolls of identify.
  4950 | D:5      | 4950 ||| IDENTIFYING red potion
  5002 | D:6      | Reached XP level 8. HP: 48/49 MP: 8/8
  5113 | D:6      | Identified the +8 flail of Qiriv {freeze, rCorr}
  5115 | D:6      | 5115 ||| DROPPING +0 flail.
  5208 | D:6      | Found an iron altar of Okawaru.
  5209 | D:6      | 5209 ||| PLANNING OKAWARU WORSHIP
  5209 | D:6      | 5209 ||| UPGRADING to amulet of guardian spirit.
  5218 | D:6      | Became a worshipper of Warmaster Okawaru
  5218 | D:6      | 5218 ||| PLANNING D:1-11
  5219 | D:6      | 5219 ||| REMOVING amulet of guardian spirit.
  5260 | D:6      | Reached skill level 8 in Axes
  5311 | D:6      | 5311 ||| Stepping ~*~*~tactically~*~*~ (hiding).
  5453 | D:6      | Noticed Pikel
  5465 | D:6      | HP: 12/51 [disintegration (12)]
  5466 | D:6      | 5466 ||| READING scroll of teleportation.
  5466 | D:6      | HP: 2/51 [orc warrior/+0 halberd (10)]
  5467 | D:6      | 5467 ||| DRINKING 2 potions of heal wounds.
  5475 | D:6      | Reached skill level 6 in Fighting
  5503 | D:6      | 5503 ||| Stepping ~*~*~tactically~*~*~ (hiding).
  5505 | D:6      | 5505 ||| Stepping ~*~*~tactically~*~*~ (hiding).
  5506 | D:6      | 5506 ||| Stepping ~*~*~tactically~*~*~ (hiding).
  5507 | D:6      | 5507 ||| Stepping ~*~*~tactically~*~*~ (hiding).
  5514 | D:6      | HP: 6/51 [disintegration (17)]
  5515 | D:6      | 5515 ||| DRINKING potion of heal wounds.
  5523 | D:6      | 5523 ||| DRINKING 2 potions of curing.
  5523 | D:6      | 5523 ||| (to cure confusion)
  5524 | D:6      | Killed Pikel
  5524 | D:6      | Reached * piety under Okawaru
  5525 | D:6      | Reached skill level 9 in Axes
  5525 | D:6      | Reached XP level 9. HP: 28/55 MP: 9/9
  5525 | D:6      | 5525 ||| INVOKING Heroism.
  5583 | D:6      | 5583 ||| FLEEEEING.
  5584 | D:6      | 5584 ||| FLEEEEING.
  5589 | D:6      | 5589 ||| FLEEEEING.
  5592 | D:6      | 5592 ||| FLEEEEING.
  5598 | D:6      | 5598 ||| FLEEEEING.
  5655 | D:6      | Found Zamaoxt's Gadget Gallery.
  5657 | D:6      | 5657 ||| Stepping ~*~*~tactically~*~*~ (hiding).
  5772 | D:6      | Found a staircase to the Ecumenical Temple.
  6178 | D:6      | 6178 ||| UPGRADING to +0 plate armour.
  6188 | D:6      | 6188 ||| DROPPING +0 chain mail.
  6189 | D:6      | 6189 ||| UPGRADING to ring of positive energy.
  6190 | D:6      | 6190 ||| READING scroll labelled DEXAS OROACLEDIL.
  6191 | D:6      | 6191 ||| READING scroll labelled BYUCYE JOLOXZO.
  6292 | D:7      | Reached skill level 1 in Invocations
  6338 | D:7      | 6338 ||| READING scroll of enchant weapon.
  6338 | D:7      | 6338 ||| ENCHANTING +1 war axe.
  6366 | D:7      | Found a runed translucent door.
  6367 | D:7      | Noticed Crazy Yiuf
  6389 | D:7      | 6389 ||| DRINKING 2 potions of curing.
  6389 | D:7      | 6389 ||| (to cure confusion)
  6390 | D:7      | Noticed Duvessa
  6391 | D:7      | 6391 ||| INVOKING Heroism.
  6392 | D:7      | Noticed Dowan
  6393 | D:7      | 6393 ||| DRINKING potion of curing.
  6393 | D:7      | 6393 ||| (to cure confusion)
  6402 | D:7      | Killed Duvessa
  6403 | D:7      | Reached skill level 3 in Invocations
  6414 | D:7      | 6414 ||| INVOKING Heroism.
  6418 | D:7      | Killed Dowan
  6419 | D:7      | Reached skill level 6 in Armour
  6435 | D:7      | 6435 ||| FLEEEEING.
  6436 | D:7      | 6436 ||| FLEEEEING.
  6445 | D:7      | 6445 ||| FLEEEEING.
  6446 | D:7      | 6446 ||| FLEEEEING.
  6447 | D:7      | 6447 ||| FLEEEEING.
  6448 | D:7      | 6448 ||| FLEEEEING.
  6449 | D:7      | 6449 ||| FLEEEEING.
  6450 | D:7      | 6450 ||| FLEEEEING.
  6451 | D:7      | 6451 ||| FLEEEEING.
  6452 | D:7      | 6452 ||| FLEEEEING.
  6453 | D:7      | 6453 ||| STAIRDANCE
  6519 | D:7      | 6519 ||| STAIRDANCE
  6564 | D:7      | Reached ** piety under Okawaru
  6633 | D:7      | Reached XP level 10. HP: 60/63 MP: 13/13
  6776 | D:7      | Found Keniorre's Assorted Antiques.
  6783 | D:6      | Found a radiant altar of Vehumet.
  6783 | D:6      | Found a shimmering blue altar of Sif Muna.
  6786 | D:6      | Found a stormy altar of Qazlal.
  6813 | D:7      | 6813 ||| BUYING 3 scrolls of identify (174 gold).
  6813 | D:7      | Bought 3 scrolls of identify for 174 gold pieces
  6813 | D:7      | 6813 ||| SHOPLISTING potion of magic (232 gold, have 157).
  6813 | D:7      | 6813 ||| BUYING scroll of identify (58 gold).
  6813 | D:7      | Bought a scroll of identify for 58 gold pieces
  6813 | D:7      | 6813 ||| BUYING scroll of teleportation (87 gold).
  6813 | D:7      | Bought a scroll of teleportation for 87 gold pieces
  7086 | D:8      | 7086 ||| Stepping ~*~*~tactically~*~*~ (stealth).
  7096 | D:8      | Reached skill level 10 in Axes
  7097 | D:8      | 7097 ||| Stepping ~*~*~tactically~*~*~ (stealth).
  7098 | D:8      | 7098 ||| Stepping ~*~*~tactically~*~*~ (stealth).
  7113 | D:8      | 7113 ||| Stepping ~*~*~tactically~*~*~ (stealth).
  7123 | D:8      | 7123 ||| Stepping ~*~*~tactically~*~*~ (stealth).
  7125 | D:8      | 7125 ||| Stepping ~*~*~tactically~*~*~ (stealth).
  7136 | D:8      | 7136 ||| Stepping ~*~*~tactically~*~*~ (stealth).
  7137 | D:8      | 7137 ||| Stepping ~*~*~tactically~*~*~ (stealth).
  7206 | D:8      | 7206 ||| SWAPPING to +4 war axe.
  7207 | D:8      | 7207 ||| DROPPING +2 war axe.
  7271 | D:8      | 7271 ||| Stepping ~*~*~tactically~*~*~ (hiding).
  7272 | D:8      | 7272 ||| Stepping ~*~*~tactically~*~*~ (hiding).
  7274 | D:8      | 7274 ||| Stepping ~*~*~tactically~*~*~ (hiding).
  7498 | D:8      | Noticed a cyclops
  7499 | D:8      | 7499 ||| INVOKING Heroism.
  7500 | D:8      | Noticed a two-headed ogre
  7506 | D:8      | Killed a two-headed ogre
  7513 | D:8      | Killed a cyclops
  7513 | D:8      | Reached *** piety under Okawaru
  7676 | D:8      | Found an iron altar of Okawaru.
  7687 | D:8      | 7687 ||| INVOKING Heroism.
  7880 | D:8      | Noticed Maggie
  7881 | D:8      | 7881 ||| Stepping ~*~*~tactically~*~*~ (hiding).
  7893 | D:8      | 7893 ||| INVOKING Heroism.
  7902 | D:8      | Killed Maggie
  8005 | D:8      | 8005 ||| UPGRADING to +0 cloak.
  8010 | D:8      | 8010 ||| READING 14 scrolls of identify.
  8010 | D:8      | 8010 ||| IDENTIFYING fizzy white potion
  8011 | D:8      | 8011 ||| DROPPING potion of brilliance.
  8017 | D:9      | Found a staircase to the Orcish Mines.
  8100 | D:9      | 8100 ||| Stepping ~*~*~tactically~*~*~ (stealth).
  8112 | D:9      | 8112 ||| FLEEEEING.
  8113 | D:9      | 8113 ||| DRINKING potion of curing.
  8113 | D:9      | 8113 ||| (to cure confusion)
  8238 | D:9      | 8238 ||| Stepping ~*~*~tactically~*~*~ (stealth).
  8263 | D:9      | Reached skill level 11 in Axes
  8272 | D:9      | Reached XP level 11. HP: 52/68 MP: 14/14
  8356 | D:9      | Found Rorghujo's Jewellery Shoppe.
  8368 | D:9      | 8368 ||| SHOPLISTING +4 ring of protection (576 gold, have
                  | 138).
  8368 | D:9      | 8368 ||| SHOPLISTING +4 ring of slaying (1248 gold, have
                  | 138).
  8368 | D:9      | 8368 ||| SHOPLISTING +5 ring of evasion (576 gold, have
                  | 138).
  8368 | D:9      | 8368 ||| SHOPLISTING +6 ring of strength (576 gold, have
                  | 138).
  8368 | D:9      | 8368 ||| SHOPLISTING amulet of reflection (480 gold, have
                  | 138).
  8368 | D:9      | 8368 ||| SHOPLISTING ring "Lyosch" {Fire Will++} (736 gold,
                  | have 138).
  8368 | D:9      | 8368 ||| SHOPLISTING ring of Giqaosof {rF+ rC+ Str+6} (912
                  | gold, have 138).
  8368 | D:9      | 8368 ||| SHOPLISTING ring of willpower (400 gold, have
                  | 138).
  8399 | D:9      | 8399 ||| FLEEEEING.
  8400 | D:9      | 8400 ||| FLEEEEING.
  8402 | D:9      | 8402 ||| FLEEEEING.
  8403 | D:9      | 8403 ||| FLEEEEING.
  8404 | D:9      | 8404 ||| FLEEEEING.
  8405 | D:9      | 8405 ||| FLEEEEING.
  8406 | D:9      | 8406 ||| FLEEEEING.
  8407 | D:9      | 8407 ||| FLEEEEING.
  8408 | D:9      | 8408 ||| FLEEEEING.
  8409 | D:9      | 8409 ||| FLEEEEING.
  8410 | D:9      | 8410 ||| FLEEEEING.
  8411 | D:9      | 8411 ||| FLEEEEING.
  8412 | D:9      | 8412 ||| FLEEEEING.
  8413 | D:9      | 8413 ||| FLEEEEING.
  8414 | D:9      | 8414 ||| FLEEEEING.
  8415 | D:9      | 8415 ||| FLEEEEING.
  8416 | D:9      | 8416 ||| FLEEEEING.
  8417 | D:9      | 8417 ||| FLEEEEING.
  8418 | D:9      | 8418 ||| FLEEEEING.
  8419 | D:9      | 8419 ||| FLEEEEING.
  8420 | D:9      | 8420 ||| FLEEEEING.
  8421 | D:9      | 8421 ||| FLEEEEING.
  8422 | D:9      | 8422 ||| FLEEEEING.
  8423 | D:9      | 8423 ||| FLEEEEING.
  8492 | D:9      | Noticed an eight-headed hydra
  8493 | D:9      | 8493 ||| Stepping ~*~*~tactically~*~*~ (stealth).
  8495 | D:9      | 8495 ||| INVOKING Heroism.
  8498 | D:9      | 8498 ||| SWAPPING to +8 flail of Qiriv {freeze, rCorr}.
  8503 | D:9      | Killed an eight-headed hydra
  8503 | D:9      | Reached **** piety under Okawaru
  8504 | D:9      | Reached skill level 9 in Fighting
  8504 | D:9      | 8504 ||| SWAPPING to +4 war axe.
  8768 | D:9      | 8768 ||| READING 15 scrolls of identify.
  8768 | D:9      | 8768 ||| IDENTIFYING fuming blue potion
  8769 | D:9      | 8769 ||| DROPPING potion of flight.
  8772 | D:10     | Entered Level 10 of the Dungeon
  8863 | D:10     | 8863 ||| INVOKING Heroism.
  8985 | D:10     | 8985 ||| Stepping ~*~*~tactically~*~*~ (stealth).
  9063 | D:10     | 9063 ||| INVOKING Heroism.
  9188 | D:10     | 9188 ||| Stepping ~*~*~tactically~*~*~ (stealth).
  9190 | D:10     | 9190 ||| Stepping ~*~*~tactically~*~*~ (stealth).
  9378 | D:10     | Found Noellyqi's Assorted Antiques.
  9386 | D:10     | 9386 ||| BUYING fuming yellow potion (18 gold).
  9386 | D:10     | Bought a fuming yellow potion for 18 gold pieces
  9386 | D:10     | 9386 ||| BUYING scroll labelled KAOTAIH AZXI (20 gold).
  9386 | D:10     | Bought a scroll labelled KAOTAIH AZXI for 20 gold pieces
  9386 | D:10     | 9386 ||| BUYING scroll of teleportation (60 gold).
  9386 | D:10     | Bought a scroll of teleportation for 60 gold pieces
  9444 | D:10     | 9444 ||| Stepping ~*~*~tactically~*~*~ (stealth).
  9508 | D:10     | Found a staircase to the Lair.
  9517 | D:10     | 9517 ||| INVOKING Heroism.
  9747 | D:10     | 9747 ||| PLANNING LAIR
  9747 | D:10     | 9747 ||| READING scroll labelled KAOTAIH AZXI.
  9748 | D:10     | 9748 ||| READING 15 scrolls of identify.
  9748 | D:10     | 9748 ||| IDENTIFYING fuming yellow potion
  9749 | D:10     | 9749 ||| DROPPING potion of berserk rage.
  9754 | Lair:1   | Entered Level 1 of the Lair of Beasts
  9821 | Lair:1   | 9821 ||| INVOKING Heroism.
  9849 | Lair:1   | 9849 ||| INVOKING Heroism.
  9861 | Lair:1   | Reached skill level 6 in Invocations
  9907 | Lair:1   | 9907 ||| INVOKING Heroism.
 10009 | Lair:1   | 10009 ||| INVOKING Heroism.
 10050 | Lair:1   | Found a runed translucent gate.
 10052 | Lair:1   | Found a runed translucent gate.
 10129 | Lair:1   | Found a runed translucent gate.
 10129 | Lair:1   | Noticed Qanwah's ghost (journeyman GrFi)
 10148 | Lair:1   | 10148 ||| Stepping ~*~*~tactically~*~*~ (stealth).
 10156 | Lair:1   | Reached skill level 12 in Axes
 10172 | Lair:1   | 10172 ||| Stepping ~*~*~tactically~*~*~ (stealth).
 10175 | Lair:1   | 10175 ||| INVOKING Heroism.
 10314 | Lair:1   | 10314 ||| Stepping ~*~*~tactically~*~*~ (stealth).
 10359 | Lair:1   | 10359 ||| INVOKING Heroism.
 10360 | Lair:1   | 10360 ||| Stepping ~*~*~tactically~*~*~ (stealth).
 10374 | Lair:1   | 10374 ||| Stepping ~*~*~tactically~*~*~ (hiding).
 10380 | Lair:1   | Reached XP level 12. HP: 76/76 MP: 17/17
 10382 | Lair:1   | Reached ***** piety under Okawaru
 10383 | Lair:1   | Reached skill level 9 in Armour
 10477 | Lair:1   | 10477 ||| Stepping ~*~*~tactically~*~*~ (stealth).
 10490 | Lair:1   | 10490 ||| INVOKING Heroism.
 10616 | Lair:1   | Reached skill level 1 in Throwing
 10692 | Lair:1   | 10692 ||| INVOKING Heroism.
 10949 | Lair:1   | Found a viscous altar of Jiyva.
 10949 | Lair:1   | Found the +1 cloak of Starlight {*Dazzle EV+4 Stlth--}
 10951 | Lair:1   | 10951 ||| DROPPING scarf of shadows.
 10952 | Lair:1   | 10952 ||| READING scroll labelled FEZYZUPTUBONAG.
 11073 | Lair:1   | 11073 ||| INVOKING Heroism.
 11078 | Lair:1   | Received a gift from Okawaru
 11149 | Lair:2   | 11149 ||| Stepping ~*~*~tactically~*~*~ (stealth).
 11151 | Lair:2   | 11151 ||| Stepping ~*~*~tactically~*~*~ (stealth).
 11165 | Lair:2   | Reached skill level 6 in Shields
 11165 | Lair:2   | Reached skill level 9 in Invocations
 11176 | Lair:2   | 11176 ||| FLEEEEING.
 11177 | Lair:2   | 11177 ||| FLEEEEING.
 11178 | Lair:2   | 11178 ||| FLEEEEING.
 11179 | Lair:2   | 11179 ||| STAIRDANCE
 11369 | Lair:2   | Identified the +9 rapier of Joyful Slaughter {flame, rPois
                  | rC+ Dex+7}
 11383 | Lair:2   | 11383 ||| READING scroll of enchant weapon.
 11383 | Lair:2   | 11383 ||| ENCHANTING +4 war axe.
 11420 | Lair:2   | 11420 ||| INVOKING Heroism.
 11434 | Lair:2   | 11434 ||| INVOKING Heroism.
 11543 | Lair:2   | 11543 ||| INVOKING Heroism.
 11549 | Lair:2   | 11549 ||| Stepping ~*~*~tactically~*~*~ (stealth).
 11631 | Lair:2   | 11631 ||| Stepping ~*~*~tactically~*~*~ (stealth).
 11633 | Lair:2   | 11633 ||| INVOKING Heroism.
 11643 | Lair:2   | 11643 ||| Stepping ~*~*~tactically~*~*~ (stealth).
 11710 | Lair:2   | 11710 ||| INVOKING Heroism.
 11825 | Lair:2   | 11825 ||| INVOKING Heroism.
 11842 | Lair:2   | Found a staircase to the Swamp.
 11853 | Lair:2   | Reached skill level 3 in Throwing
 12115 | Lair:2   | Found a runed translucent door.
 12115 | Lair:2   | Noticed qw's ghost (journeyman GrFi)
 12242 | Lair:2   | 12242 ||| Stepping ~*~*~tactically~*~*~ (stealth).
 12358 | Lair:2   | 12358 ||| READING scroll labelled UPHUHI SIHAGH.
 12372 | Lair:3   | Identified the +0 dagger of the Nexus {elec, rF+}
 12391 | Lair:3   | 12391 ||| Stepping ~*~*~tactically~*~*~ (stealth).
 12419 | Lair:3   | Identified the +1 leather armour of Udues {rC+ Int+3 SInv}
 12427 | Lair:3   | Noticed a boulder beetle
 12428 | Lair:3   | 12428 ||| INVOKING Heroism.
 12516 | Lair:3   | 12516 ||| Stepping ~*~*~tactically~*~*~ (stealth).
 12523 | Lair:3   | 12523 ||| Stepping ~*~*~tactically~*~*~ (stealth).
 12527 | Lair:3   | 12527 ||| Stepping ~*~*~tactically~*~*~ (stealth).
 12531 | Lair:3   | 12531 ||| Stepping ~*~*~tactically~*~*~ (stealth).
 12532 | Lair:3   | 12532 ||| Stepping ~*~*~tactically~*~*~ (stealth).
 12571 | Lair:3   | 12571 ||| Stepping ~*~*~tactically~*~*~ (stealth).
 12579 | Lair:3   | 12579 ||| INVOKING Heroism.
 12593 | Lair:3   | Killed a boulder beetle
 12594 | Lair:3   | Reached skill level 13 in Axes
 12600 | Lair:3   | Reached XP level 13. HP: 40/82 MP: 20/20
 12608 | Lair:3   | 12608 ||| FLEEEEING.
 12609 | Lair:3   | 12609 ||| FLEEEEING.
 12610 | Lair:3   | 12610 ||| FLEEEEING.
 12611 | Lair:3   | 12611 ||| Stepping ~*~*~tactically~*~*~ (hiding).
 12620 | Lair:3   | Noticed Urug
 12621 | Lair:3   | 12621 ||| INVOKING Finesse.
 12626 | Lair:3   | Killed Urug
 12626 | Lair:3   | Received a gift from Okawaru
 12901 | Lair:3   | 12901 ||| INVOKING Heroism.
 12959 | Lair:3   | 12959 ||| INVOKING Heroism.
 13059 | Lair:3   | Found a hole to the Spider Nest.
 13152 | Lair:3   | 13152 ||| Stepping ~*~*~tactically~*~*~ (stealth).
 13419 | Lair:3   | Found the +8 whip "Snakebite" {venom, curare, rPois}
 13647 | Lair:4   | 13647 ||| STAIRDANCE
 13753 | Lair:4   | 13753 ||| INVOKING Heroism.
 13784 | Lair:4   | 13784 ||| Stepping ~*~*~tactically~*~*~ (stealth).
 13813 | Lair:4   | 13813 ||| INVOKING Heroism.
 13814 | Lair:4   | 13814 ||| INVOKING Finesse.
 13817 | Lair:4   | 13817 ||| FLEEEEING.
 13818 | Lair:4   | 13818 ||| FLEEEEING.
 13961 | Lair:4   | 13961 ||| FLEEEEING.
 14004 | Lair:4   | 14004 ||| INVOKING Heroism.
 14114 | Lair:4   | 14114 ||| READING scroll of enchant weapon.
 14114 | Lair:4   | 14114 ||| ENCHANTING +5 war axe.
 14236 | Lair:4   | 14236 ||| INVOKING Heroism.
 14251 | Lair:4   | Reached skill level 14 in Axes
 14254 | Lair:4   | 14254 ||| INVOKING Heroism.
 14264 | Lair:4   | 14264 ||| FLEEEEING.
 14266 | Lair:4   | 14266 ||| Stepping ~*~*~tactically~*~*~ (hiding).
 14269 | Lair:4   | 14269 ||| INVOKING Finesse.
 14273 | Lair:4   | HP: 19/82 [catoblepas (6)]
 14274 | Lair:4   | 14274 ||| READING 4 scrolls of teleportation.
 14275 | Lair:4   | 14275 ||| DRINKING 2 potions of heal wounds.
 14283 | Lair:4   | 14283 ||| FLEEEEING.
 14284 | Lair:4   | 14284 ||| FLEEEEING.
 14285 | Lair:4   | 14285 ||| FLEEEEING.
 14286 | Lair:4   | 14286 ||| FLEEEEING.
 14287 | Lair:4   | 14287 ||| FLEEEEING.
 14288 | Lair:4   | 14288 ||| FLEEEEING.
 14289 | Lair:4   | 14289 ||| FLEEEEING.
 14290 | Lair:4   | 14290 ||| FLEEEEING.
 14291 | Lair:4   | 14291 ||| FLEEEEING.
 14292 | Lair:4   | 14292 ||| FLEEEEING.
 14293 | Lair:4   | 14293 ||| FLEEEEING.
 14295 | Lair:4   | 14295 ||| FLEEEEING.
 14296 | Lair:4   | 14296 ||| FLEEEEING.
 14298 | Lair:4   | 14298 ||| FLEEEEING.
 14299 | Lair:4   | 14299 ||| FLEEEEING.
 14300 | Lair:4   | 14300 ||| FLEEEEING.
 14301 | Lair:4   | 14301 ||| FLEEEEING.
 14303 | Lair:4   | 14303 ||| FLEEEEING.
 14305 | Lair:4   | 14305 ||| FLEEEEING.
 14306 | Lair:4   | 14306 ||| STAIRDANCE
 14447 | Lair:3   | 14447 ||| UPGRADING to +0 gold dragon scales.
 14457 | Lair:3   | 14457 ||| DROPPING +0 plate armour.
 14460 | Lair:4   | 14460 ||| STAIRDANCE
 14462 | Lair:3   | 14462 ||| INVOKING Heroism.
 14616 | Lair:4   | 14616 ||| INVOKING Heroism.
 14629 | Lair:4   | Received a gift from Okawaru
 14631 | Lair:4   | 14631 ||| STAIRDANCE
 14633 | Lair:3   | HP: 18/82 [death yak (10)]
 14633 | Lair:3   | HP: 4/82 [death yak (14)]
 14634 | Lair:3   | 14634 ||| READING 3 scrolls of teleportation.
 14635 | Lair:3   | 14635 ||| DRINKING potion of heal wounds.
 14707 | Lair:3   | 14707 ||| FLEEEEING.
 14729 | Lair:3   | 14729 ||| FLEEEEING.
 14740 | Lair:3   | 14740 ||| FLEEEEING.
 14741 | Lair:3   | 14741 ||| FLEEEEING.
 14744 | Lair:3   | 14744 ||| STAIRDANCE
 14825 | Lair:3   | 14825 ||| INVOKING Heroism.
 14872 | Lair:4   | 14872 ||| INVOKING Heroism.
 15054 | Lair:4   | 15054 ||| INVOKING Heroism.
 15057 | Lair:4   | 15057 ||| SWAPPING to +0 morningstar.
 15067 | Lair:4   | 15067 ||| SWAPPING to +6 war axe.
 15072 | Lair:4   | Received a gift from Okawaru
 15080 | Lair:4   | Reached skill level 12 in Armour
 15090 | Lair:4   | 15090 ||| INVOKING Heroism.
 15107 | Lair:4   | 15107 ||| FLEEEEING.
 15109 | Lair:4   | 15109 ||| STAIRDANCE
 15281 | Lair:4   | 15281 ||| INVOKING Heroism.
 15288 | Lair:4   | Gained mutation: Your large and strong wings let you fly.
                  | [Gargoyle growth]
 15288 | Lair:4   | Reached XP level 14. HP: 84/88 MP: 19/21
 15352 | Lair:4   | 15352 ||| Stepping ~*~*~tactically~*~*~ (stealth).
 15429 | Lair:4   | 15429 ||| INVOKING Heroism.
 15526 | Lair:4   | Identified the +1 mace of Dawn {heavy, Contam Int+6}
 15534 | Lair:4   | Identified the +4 lajatang of Annihilation {freeze, rElec
                  | rPois rF+ Int+3}
 15612 | Lair:4   | 15612 ||| Stepping ~*~*~tactically~*~*~ (stealth).
 15614 | Lair:4   | 15614 ||| Stepping ~*~*~tactically~*~*~ (stealth).
 15621 | Lair:4   | 15621 ||| INVOKING Heroism.
 15900 | Lair:4   | 15900 ||| Stepping ~*~*~tactically~*~*~ (stealth).
 15922 | Lair:4   | 15922 ||| Stepping ~*~*~tactically~*~*~ (stealth).
 15924 | Lair:4   | 15924 ||| Stepping ~*~*~tactically~*~*~ (stealth).
 15964 | Lair:4   | 15964 ||| FLEEEEING.
 15972 | Lair:4   | 15972 ||| STAIRDANCE
 16009 | Lair:3   | 16009 ||| UPGRADING to +2 helmet.
 16019 | Lair:3   | 16019 ||| DROPPING +0 helmet.
 16020 | Lair:3   | 16020 ||| UPGRADING to ring of protection from cold.
 16035 | Lair:4   | 16035 ||| INVOKING Heroism.
 16050 | Lair:4   | 16050 ||| SWAPPING to +0 morningstar.
 16059 | Lair:4   | Reached skill level 6 in Throwing
 16062 | Lair:4   | 16062 ||| SWAPPING to +6 war axe.
 16063 | Lair:4   | HP: 6/90 [komodo dragon (21)]
 16064 | Lair:4   | 16064 ||| READING 3 scrolls of teleportation.
 16064 | Lair:4   | Mangled by a komodo dragon

Levels and vault maps discovered:
D:1:      onia_arrival_pentagram, layout_basic, minmay_tromino_v4_a
D:2:      layout_loops_ring
D:3:      layout_rooms, hangedman_decor_riveting, dreamdust_princess_corridor,
          minmay_misc_feat_pillars
D:4:      layout_cave_pods, minmay_misc_feat_rows, uniq_ijyb, uniq_blork_the_orc
D:5:      layout_loops_corners, gup_sewer_entry_spiral, minmay_statues_item
D:6:      layout_gridville, marbit_many_paths, nicolae_overflow_hidden_temple,
          minmay_temple_entry_oklob, chequers_serial_rivers_small_3,
          kennysheep_decorative_pillar, nicolae_shop_gadgets, uniq_pikel
D:7:      layout_cave_pools, serial_shops, shop, uniq_duvessa,
          uniq_crazy_yiuf_cottage
D:8:      layout_rooms, kennysheep_small_circle, uniq_maggie
D:9:      layout_rooms, orc_0_dummy, serial_shops,
          nicolae_shop_just_a_little_nook
D:10:     layout_irregular_city, david_lair_shrubbed, serial_shops,
          nicolae_shop_hallway_stairs, skrybe_limestone_x,
          corexii_hall_statues_deadend
Lair:1:   layout_roguey, gammafunk_ghost_ooze
Lair:2:   layout_roguey, minmay_swamp_entry_eels, gammafunk_ghost_grave,
          serial_bayou_crossing
Lair:3:   minmay_guarded_unrand_snakebite, layout_misc_corridors,
          nicolae_spider_entry_tight_spaces, uniq_urug
Lair:4:   nzn_winding_woodlands_stair_cross [nzn_winding_woodlands_5x15_twine,
          nzn_winding_woodlands_center_triple_pond,
          nzn_winding_woodlands_5x15_river_crossing,
          nzn_winding_woodlands_5x5_three, nzn_winding_woodlands_5x5_cross,
          nzn_winding_woodlands_5x15_crooked,
          nzn_winding_woodlands_center_garden,
          nzn_winding_woodlands_5x15_concentric], layout_regular_city,
          minmay_lindwurm_lava

Skill      XL: |  1  2  3  4  5  6  7  8  9 10 11 12 13 14 |
---------------+-------------------------------------------+-----
Axes           | 2 3 4 5 6 7 9 11 12 13 14 | 14.1
Fighting       | 4 5 6 7 8 9 10 11 | 11.0
Dodging        | 2 |  2.0
Armour         | 4 6 8 9 12 | 12.0
Shields        | 4 5 6 7 |  7.2
Invocations    | 4 7 10 | 10.0
Throwing       | 3 5 6 |  6.1

Action                     |  1- 3 |  4- 6 |  7- 9 | 10-12 | 13-15 || total
---------------------------+-------+-------+-------+-------+-------++-------
  Melee: War axe           |   157 |   173 |   226 |   477 |   323 ||  1356
         Flail             |       |       |       |     5 |       ||     5
         Morningstar       |       |       |       |       |    20 ||    20
  Throw: Javelin           |       |       |       |    35 |    30 ||    65
 Invoke: Heroism           |       |       |     3 |    24 |    17 ||    44
         Finesse           |       |       |       |       |     3 ||     3
    Use: Scroll            |     3 |    12 |     5 |     7 |     4 ||    31
         Potion            |     1 |     2 |     6 |     1 |     2 ||    12
   Stab: Distracted        |       |       |       |     1 |       ||     1
         Petrified         |       |       |       |       |     9 ||     9
         Petrifying        |       |       |       |       |     1 ||     1
 Armour: Scale mail        |    71 |       |       |       |       ||    71
         Chain mail        |    13 |   122 |    90 |       |       ||   225
         Plate armour      |       |       |    55 |   265 |   102 ||   422
         Gold dragon scale |       |       |       |       |   126 ||   126
  Dodge: Dodged            |    77 |    82 |   106 |   149 |    83 ||   497
  Block: Buckler           |    28 |    35 |    31 |    77 |    77 ||   248

Table legend:
 A = Non-vault XP
 B = Vault XP
 C = Vault XP percentage of total XP
 D = Non-vault monster count
 E = Vault monster count
 F = Vault count percentage of total count
                 A         B        C        D         E       F
            +---------+---------+-------+---------+---------+-------
      Total |   44969 |   15960 |  26.2 |     318 |      61 |  16.1
            +---------+---------+-------+---------+---------+-------
        D:1 |      57 |       5 |   8.1 |      32 |       3 |   8.6
        D:2 |      21 |       0 |   0.0 |      10 |       0 |   0.0
        D:3 |     140 |       0 |   0.0 |      28 |       0 |   0.0
        D:4 |     248 |     135 |  35.2 |      15 |       2 |  11.8
        D:5 |     518 |      32 |   5.8 |      11 |       6 |  35.3
        D:6 |    1422 |     680 |  32.4 |      23 |       3 |  11.5
        D:7 |    1364 |     216 |  13.7 |      19 |       2 |   9.5
        D:8 |    2348 |     751 |  24.2 |      17 |       4 |  19.0
        D:9 |    2935 |       0 |   0.0 |      27 |       0 |   0.0
       D:10 |    2146 |     372 |  14.8 |      17 |       1 |   5.6
     Lair:1 |    8258 |       0 |   0.0 |      31 |       0 |   0.0
     Lair:2 |    7329 |     383 |   5.0 |      28 |       7 |  20.0
     Lair:3 |    7116 |    2938 |  29.2 |      18 |      12 |  40.0
     Lair:4 |   11067 |   10448 |  48.6 |      42 |      21 |  33.3
            +---------+---------+-------+---------+---------+-------
